AoeStats
← Tha_Kela

African Clearing

510653671Analyzed
4v4 RM · 18h ago on Oct 2, 2026· 45m 23s· 8 players
Game mode
Random Map
Map size
Large (8 player)
Population
200
Speed
Normal
Resources
Standard
Victory
Conquest
Starting age
Dark Age
Ending age
Imperial Age
RankedLock teamsTeams togetherTeam positionsShared explorationLock speedFull tech treeHidden civsTurbo modeCheats
Victory
Defeat
🇦🇷 Britons · Argentina
1194
+18
🇺🇸 Cumans · United States
1191
+18
🇺🇸 Khmer · United States
1189
+18
🇨🇱 Georgians · Chile
1119
+22
🇵🇪 Franks · Peru
1310
-21
🇦🇷 Mongols · Argentina
1242
-19
🇦🇷 Spanish · Argentina
1234
-19
🇨🇴 Huns · Colombia
1179
-17
Homestarr
13:40 Feudal Age
13:20 Loom
17:36 Castle Age
15:54 Double-Bit Axe
16:09 Gold Mining
18:36 Bow Saw
20:23 Bloodlines
23:14 Husbandry
27:48 Forging
28:42 Scale Barding Armor
30:06 Chain Barding Armor
32:07 Wheelbarrow
31:21 Town Watch
33:45 Iron Casting
33:01 Fletching
33:01 Pikeman
33:55 Scale Mail Armor
35:27 Bodkin Arrow
35:34 Padded Archer Armor
36:09 Light Cavalry
36:20 Elite Skirmisher
37:48 Leather Archer Armor
37:49 Chain Mail Armor
41:46 Imperial Age
44:34 Cavalier
Locomaxi
12:06 Loom
14:11 Feudal Age
31:05 Town Watch
38:05 Town Watch
40:01 Forging
45:42 Bloodlines
wyrdJ
5:39 Loom
14:37 Feudal Age
15:41 Double-Bit Axe
18:12 Fletching
19:43 Wheelbarrow
22:52 Horse Collar
31:03 Castle Age
31:14 Padded Archer Armor
32:37 Hand Cart
33:42 Scale Mail Armor
33:53 Pikeman
36:00 Elite Skirmisher
36:48 Thumb Ring
39:16 Leather Archer Armor
39:37 Ballistics
38:46 Capped Ram
40:38 Town Watch
47:55 Imperial Age
bigapple334
4:56 Loom
13:21 Feudal Age
14:31 Double-Bit Axe
17:14 Castle Age
19:04 Horse Collar
24:45 Fletching
25:32 Bodkin Arrow
26:26 Bow Saw
26:30 Crossbowman
27:21 Padded Archer Armor
27:24 Gold Mining
29:53 Wheelbarrow
30:55 Leather Archer Armor
31:30 Yeomen
31:49 Gold Shaft Mining
31:32 Hand Cart
32:13 Ballistics
38:43 Imperial Age
38:12 Heavy Plow
37:59 Town Watch
38:40 Pikeman
39:20 Squires
39:06 Gambesons
39:39 Bracer
40:10 Ring Archer Armor
39:41 Scale Mail Armor
39:51 Forging
40:51 Chemistry
40:09 Arbalester
42:03 Conscription
42:40 Chain Mail Armor
44:10 Iron Casting
43:06 Halberdier
45:19 Warwolf
46:35 Blast Furnace
46:05 Plate Mail Armor
EIM | Virgin King
6:33 Loom
15:12 Feudal Age
19:05 Castle Age
21:01 Fletching
34:37 Imperial Age
33:21 Bodkin Arrow
34:35 Padded Archer Armor
35:46 Bracer
36:44 Double-Bit Axe
37:38 Conscription
39:04 Chemistry
39:02 Leather Archer Armor
39:28 Bloodlines
40:08 Ballistics
40:04 Thumb Ring
45:46 Parthian Tactics
MaxTorres04
3:33 Loom
12:51 Feudal Age
13:48 Double-Bit Axe
14:37 Gold Mining
18:56 Wheelbarrow
22:39 Castle Age
21:55 Scale Barding Armor
22:01 Forging
23:33 Husbandry
27:32 Gold Shaft Mining
28:29 Hand Cart
32:00 Chain Barding Armor
32:16 Iron Casting
33:15 Stone Mining
38:51 Imperial Age
39:19 Ballistics
38:39 Treadmill Crane
38:59 Cavalier
41:15 Town Watch
42:11 Plate Barding Armor
42:36 Blast Furnace
41:59 Capped Ram
Tha_Kela
7:27 Loom
17:33 Feudal Age
28:53 Castle Age
28:11 Fletching
32:30 Fervor
35:51 Redemption
tacos4life198
5:34 Loom
15:23 Feudal Age
16:33 Double-Bit Axe
17:15 Forging
17:11 Scale Barding Armor
18:32 Bloodlines
25:40 Fletching
Connection lost

Rejoining the realm…

Still unreachable

The connection could not be restored.

Session expired

The server has moved on; the page needs a fresh start.